 Dungeon Crawl Stone Soup version 0.31-a0-188-g5e087ee2ca (webtiles) character file.

Game seed: 13580895654472805574

108 porpoise the Shooter (level 4, -5/27 HPs)
             Began as a Tengu Hunter on June 24, 2023.
             Slain by an ice beast (9 damage)
             ... on level 3 of the Dungeon.
             The game lasted 00:05:17 (1856 turns).

porpoise the Shooter (Tengu Hunter)                 Turns: 1856, Time: 00:05:18

Health: -5/27      AC:  4    Str: 11    XL:     4   Next: 87%
Magic:  5/5        EV: 17    Int: 13    God:
Gold:   160        SH:  0    Dex: 19    Spells: 3/3 levels left

rFire   . . .        b - +0 dagger
rCold   . . .        (no shield)
rNeg    . . .        l - +2 robe "Qesuomid" {Will++ Int+3}
rPois   .            (helmet restricted)
rElec   .            (no cloak)
rCorr   .            (no gloves)
SInv    .            (boots unavailable)
Will    ++...        (no amulet)
Stlth   ++           j - +5 ring of evasion
HPRegen 0.24/turn    (no ring)
MPRegen 0.09/turn

%: no passive effects
@: no status effects
A: beak, talons 3
a: no special abilities


You were on level 3 of the Dungeon.
You visited 1 branch of the dungeon, and saw 3 of its levels.

You collected 193 gold pieces.
You spent 33 gold pieces at shops.

Inventory:

Hand Weapons
 a - a +0 shortbow
 b - a +0 dagger (weapon)
Armour
 c - a +0 leather armour
 l - the +2 robe "Qesuomid" (worn) {Will++ Int+3}
   (You found it on level 2 of the Dungeon)

   Int:       It affects your intelligence (+3).
   Will:      It greatly increases your willpower.
Jewellery
 f - a ring of fire
 j - a +5 ring of evasion (left hand)
 m - an amulet of magic regeneration
Scrolls
 d - a scroll of butterflies
 e - a scroll of amnesia {unknown}
 n - a scroll of silence {unknown}
 p - a scroll of identify {unknown}
 q - a scroll of vulnerability {unknown}
Potions
 g - 5 potions of curing
 h - a potion of invisibility {unknown}
 i - a potion of magic {unknown}
 k - a potion of haste {unknown}
 o - 2 potions of degeneration {unknown}


   Skills:
 + Level 2.9 Fighting
 * Level 5.6 Ranged Weapons
 - Level 2.1 Dodging
 + Level 2.5 Stealth


You had 3 spell levels left.
You didn't know any spells.
Your spell library contained the following spells:

 Spells                   Type           Power      Damage    Failure   Level
 Sandblast                Erth           0%         2d4       30%         1
 Passwall                 Tmut/Erth      0%         N/A       43%         2
 Dazzling Flash           Conj/Hex       0%         N/A       67%         3
 Stone Arrow              Conj/Erth      0%         3d7       67%         3
 Agony                    Necr           0%         N/A       100%        5
 Silence                  Hex/Air        0%         N/A       100%        5


Dungeon Overview and Level Annotations

Branches:
Dungeon (3/15)

Altars:

Shops:
D:1 [!?


Innate Abilities, Weirdness & Mutations

You have a beak for a mouth.
You have claws for feet.


Message History

The ice beast hits you. The ice beast freezes you!
You barely miss the ice beast.
You peck the ice beast, but do no damage.
The ice beast is moderately wounded.
The ice beast hits you. The ice beast freezes you.
You hit the ice beast. Your kick misses the ice beast.
The ice beast is heavily wounded.
The ice beast barely misses you.
You completely miss the ice beast.
The ice beast is heavily wounded.
The ice beast closely misses you.
You closely miss the ice beast.
You claw the ice beast, but do no damage.
The ice beast is heavily wounded.
The ice beast hits you but does no damage.
You hit the ice beast but do no damage. Your kick misses the ice beast.
The ice beast is heavily wounded.
The ice beast completely misses you.
You hit the ice beast but do no damage. You claw the ice beast.
The ice beast is heavily wounded.
The ice beast closely misses you.
You hit the ice beast. Your kick misses the ice beast.
Your peck misses the ice beast.
The ice beast is heavily wounded.
The ice beast hits you but does no damage.
You hit the ice beast. You claw the ice beast.
The ice beast is severely wounded.
The ice beast closely misses you.
You closely miss the ice beast.
You peck the ice beast, but do no damage.
The ice beast is severely wounded.
The ice beast hits you. The ice beast freezes you.
* * * LOW HITPOINT WARNING * * *
Okay, then.
You hit the ice beast but do no damage. You claw the ice beast.
The ice beast is almost dead.
The ice beast hits you.
* * * LOW HITPOINT WARNING * * *
The ice beast freezes you!
You die...

##.#)#..... ######
#...... .. ....<.
..... .# ######
...#####.
.....#####.#......
####.............#
#######.#.###.#
####....# #Y#
#.....#.# #@#
#.##.#..# #.#
#.###.#.# #.# #.#
##.# #.# #.# #.# #.#
##.#####>###.#
#............#######.
#.######.............
#.# ####..########


You could see an ice beast.

Vanquished Creatures
  Terence (D:2)
  2 adders
  A worm (D:2)
  3 dart slugs
  2 endoplasms
  2 giant cockroaches
  7 goblins
  7 hobgoblins
  3 jackals (D:2)
  4 kobolds (D:1)
  5 ball pythons
  9 bats
  3 frilled lizards
  7 rats
56 creatures vanquished.

Vanquished Creatures (others)
  A frilled lizard (D:2)
1 creature vanquished.

Grand Total: 57 creatures vanquished

Notes
Turn   | Place    | Note
-------+----------+-------------------------------------------
     0 | D:1      | porpoise the Tengu Hunter began the quest for the Orb.
     0 | D:1      | Reached XP level 1. HP: 12/12 MP: 2/2
   159 | D:1      | Found Qyesihun's Magic Scroll Shop.
   188 | D:1      | Reached XP level 2. HP: 17/17 MP: 3/3
   328 | D:1      | Found Xesi's Distillery.
   336 | D:1      | Bought a potion of curing for 33 gold pieces
   463 | D:1      | Found Epno's Antique Armour Shoppe.
   846 | D:2      | Reached XP level 3. HP: 22/22 MP: 4/4
   873 | D:2      | Identified the +2 robe "Qesuomid" {Will++ Int+3}
   895 | D:2      | Reached skill level 5 in Ranged Weapons
  1038 | D:2      | Noticed Terence
  1048 | D:2      | Killed Terence
  1049 | D:2      | Reached XP level 4. HP: 8/27 MP: 5/5
  1834 | D:3      | Noticed an ice beast
  1856 | D:3      | Slain by an ice beast

Illustrated notes

Levels and vault maps discovered:
D:1:      minmay_arrival_plants_in_alcoves, layout_basic, serial_shops,
          nicolae_shop_stone, shop, shop, minmay_pentomino_z4
D:2:      layout_loops_ring, minmay_split_cup_small, uniq_terence
D:3:      layout_loops_ring

Skill      XL: |  1  2  3 |
---------------+----------+-----
Ranged Weapons | 5 |  5.6
Stealth        | 2 |  2.5
Fighting       | |  2.9
Dodging        | |  2.1

Action                     |  1- 3 |  4- 6 || total
---------------------------+-------+-------++-------
  Melee: Dagger            |    18 |    38 ||    56
         Kick              |     7 |    15 ||    22
         Peck              |     4 |     7 ||    11
         Punch             |     1 |       ||     1
   Fire: Shortbow          |    86 |    56 ||   142
 Armour: Leather armour    |    11 |       ||    11
         Robe              |     1 |    15 ||    16
  Dodge: Dodged            |    32 |    41 ||    73

Table legend: (Time is in decaauts)
 A = Elapsed time spent in this place.
 B = Non-inter-level travel time spent in this place.
 C = Inter-level travel time spent in this place.
 D = Time resting spent in this place.
 E = Time spent auto-exploring this place.
 F = Levels seen in this place.
 G = Mean time per level.
                   A        B        C        D        E       F      G
               +--------+--------+--------+--------+--------+-----+--------+
         Total |   1870 |   1763 |    107 |    214 |   1202 |   3 |  623.3 |
       Dungeon |   1870 |   1763 |    107 |    214 |   1202 |   3 |  623.3 |
               +--------+--------+--------+--------+--------+-----+--------+

Top non-repeatable levels by time:
     D:1: 853 daAuts
     D:2: 731 daAuts
     D:3: 285 daAuts
